 Dungeon Crawl Stone Soup version 0.27-a0-1591-gc56fcc985a (webtiles) character file.

Game seed: 1986635339364683544

10217 duskshroud the Grappler (level 11, -13/92 HPs)
             Began as a Troll Hunter on July 19, 2021.
             Was an Elder of Dithmenos.
             Mangled by a white ugly thing (17 damage)
             ... on level 10 of the Dungeon.
             The game lasted 00:44:56 (8874 turns).

duskshroud the Grappler (Troll Hunter)              Turns: 8874, Time: 00:44:57

Health: -13/92     AC: 13    Str: 22    XL:     11   Next: 33%
Magic:  10/10      EV: 11    Int:  7    God:    Dithmenos [****..]
Gold:   610        SH:  0    Dex: 19    Spells: 10/10 levels left

rFire    . . .     SeeInvis .     - Unarmed
rCold    . . .     Faith    +   (no shield)
rNeg     . . .     Spirit   .   t - +0 acid dragon scales
rPois    .         Reflect  .   (helmet restricted)
rElec    .         Harm     .   H - +0 cloak
rCorr    +         Rampage  .   (gloves unavailable)
Will     .....                  (boots unavailable)
Stlth    ++........             w - amulet of faith
HPRegen  1.25/turn              r - +6 ring of dexterity
MPRegen  0.12/turn              K - +4 ring of protection

@: confused, ambrosia-drunk, wreathed by umbra, studying Stealth
A: large, unfitting armour, claws 3, regeneration 1, shaggy fur 1, tough skin 1
a: Renounce Religion, Shadow Step


You were on level 10 of the Dungeon.
You worshipped Dithmenos.
Dithmenos was greatly pleased with you.
You visited 2 branches of the dungeon, and saw 12 of its levels.
You also visited: Sewer.

You collected 610 gold pieces.

Inventory:

Hand Weapons
 p - a +2 dagger of speed
 A - a +0 flail
 D - a +1 flail of venom
Missiles
 c - 5 silver javelins
 d - a throwing net
 f - 56 poisoned darts
 g - 5 silver boomerangs
 k - 4 atropa-tipped darts
 u - 2 javelins
 G - 4 curare-tipped darts
 J - 10 boomerangs
 M - 2 large rocks (quivered)
Armour
 a - +0 steam dragon scales
 b - a +0 robe
 t - +0 acid dragon scales (worn)
 H - a +0 cloak (worn)
 I - a +0 kite shield
Magical Staves
 o - a staff of death
Jewellery
 r - a +6 ring of dexterity (left claw)
 w - an amulet of faith (around neck)
 K - a +4 ring of protection (right claw)
Wands
 m - a wand of acid (10)
 s - a wand of iceblast (17)
 N - a wand of flame (12)
Scrolls
 e - a scroll of immolation
 i - a scroll of magic mapping {unknown}
 j - 3 scrolls of vulnerability {unknown}
 l - a scroll of fog {unknown}
 v - 2 scrolls of summoning {unknown}
 y - a scroll of enchant armour {unknown}
 B - 4 scrolls of teleportation {unknown}
 C - 2 scrolls of noise {unknown}
Potions
 h - 2 potions of degeneration
 n - a potion of flight
 x - 2 potions of attraction
 z - 2 potions of lignification
 F - a potion of mutation {unknown}
 L - 2 potions of curing
 O - a potion of brilliance {unknown}


   Skills:
 - Level 1.5 Fighting
 - Level 10.0 Throwing
 + Level 2.4 Armour
 + Level 3.1 Dodging
 + Level 6.8 Stealth
 * Level 3.6 Shields
 - Level 11.0 Unarmed Combat


You had 10 spell levels left.
You didn't know any spells.
Your spell library contained the following spells:

 Spells                   Type           Power      Damage    Failure   Level
 Animate Skeleton         Necr           0%         N/A       52%         1
 Pain                     Necr           0%         1d4       52%         1
 Sublimation of Blood     Necr           0%         N/A       65%         2
 Wereblood                Tmut           0%         N/A       65%         2
 Gell's Gravitas          Tloc           0%         N/A       87%         3
 Ozocubu's Armour         Ice            0%         N/A       87%         3
 Teleport Other           Tloc           0%         N/A       87%         3
 Vampiric Draining        Necr           0%         2d6       87%         3
 Metabolic Englaciation   Hex/Ice        0%         N/A       100%        5
 Summon Forest            Summ/Tloc      0%         N/A       100%        5
 Dispersal                Tloc           0%         N/A       100%        6
 Eringya's Noxious Bog    Tmut/Pois      0%         N/A       100%        6
 Simulacrum               Ice/Necr       0%         N/A       100%        6
 Summon Hydra             Summ           0%         N/A       100%        7


Dungeon Overview and Level Annotations

Branches:
Dungeon (11/15)            Temple (1/1) D:4            Lair (0/6) D:10
    Orc (0/2) D:9           Sewer (visited)

Altars:
Ashenzari
Cheibriados
Dithmenos
Elyvilon
Fedhas
Gozag
Hepliaklqana
Kikubaaqudgha
Makhleb
Nemelex Xobeh
Okawaru
Qazlal
Ru
Sif Muna
Trog
Uskayaw
Vehumet
Wu Jian
Xom
Yredelemnul
Zin
The Shining One

Annotations:
D:4 2 transporters, DocClef's ghost, weakling GnDe


Innate Abilities, Weirdness & Mutations

You are too large for most types of armour.
You have claws for hands.
Your natural rate of healing is unusually fast.
You are covered in fur. (AC +1)
You have tough skin. (AC +1)


Message History

The white ugly thing is severely wounded.
The white ugly thing stings you. The white ugly thing freezes you!
You scratch the white ugly thing.
You claw the white ugly thing, but do no damage.
The white ugly thing is severely wounded.
The white ugly thing stings you but does no damage.
You scratch the white ugly thing. Your claw misses the white ugly thing.
The white ugly thing is severely wounded.
The white ugly thing stings you! The white ugly thing freezes you!
You barely miss the white ugly thing.
The white ugly thing is severely wounded.
The white ugly thing misses you.
You closely miss the white ugly thing.
The white ugly thing is severely wounded.
Throw: 5 darts (curare)
Press: ? - help, Shift-Dir - straight line, f - white ugly thing
Aim: a white ugly thing (severely wounded, umbra, 66% to hit)
You throw a curare-tipped dart.
The curare-tipped dart closely misses the white ugly thing.
The white ugly thing stings you. The white ugly thing freezes you!!
* * * LOW HITPOINT WARNING * * *
You barely miss the white ugly thing.
The white ugly thing is severely wounded.
The white ugly thing barely misses you.
You feel much better.
The white ugly thing stings you but does no damage.
You claw the white ugly thing!
The white ugly thing is almost dead.
The white ugly thing stings you. The white ugly thing freezes you!!
* * * LOW HITPOINT WARNING * * *
You feel much better. The white ugly thing stings you.
* * * LOW HITPOINT WARNING * * *
The white ugly thing freezes you!!
* * * LOW HITPOINT WARNING * * *
Okay, then.
You are confused.
You feel invigorated. The white ugly thing stings you.
* * * LOW HITPOINT WARNING * * *
The white ugly thing freezes you!
You die...

#...##......###### ##.## ##...
##..##<...........# ##.## #..PP
...##....#####....# ##.# #..P.
#####...## ##...# #.# #P..P #
#..## #...# #.# #...P
#..########...# #.# #P...
#...##....(...# #.# #....
##.........u..# ##.# #..P.
#....##....@.## #..# ##..P
#######......>## ##..###....
######## ###........###.......#.P
#......###.....##..........).##..
............<########........###.
...........### ######.......
..........## #>.....# ..........#
######## ######....#######


You could see a white ugly thing.

Vanquished Creatures
  Snorg (D:9)
  Urug (D:10)
  A deep elf pyromancer (D:8)
  Joseph (D:10)
  Maurice (D:9)
  An unseen horror (D:10)
  A hornet (D:11)
  Grinder (D:6)
  Sigmund (D:2)
  3 wyverns
  3 yaks (D:10)
  A steam dragon (D:8)
  3 vampire mosquitoes
  2 acid dragons (D:9)
  3 water moccasins
  3 necrophages
  3 orc warriors
  2 ice beasts (D:5)
  2 sky beasts
  A black bear (D:10)
  3 centaurs
  4 phantoms
  7 bullfrogs
  2 kobold brigands
  Blork the orc (D:6)
  A gnoll sergeant (D:7)
  A wyvern zombie (D:7)
  2 scorpions
  A water moccasin zombie (D:5)
  A wyvern skeleton (D:7)
  2 water moccasin skeletons
  6 killer bees
  14 wights
  7 howler monkeys
  3 centaur zombies
  7 orc priests
  4 hounds
  3 jellies
  A centaur skeleton (D:6)
  3 iguanas
  3 orc wizards
  A hound skeleton (D:4)
  A howler monkey zombie (D:5)
  5 adders
  2 gnolls (D:7)
  A howler monkey skeleton (D:6)
  A river rat (D:3)
  2 white imps
  2 ufetubi (D:5)
  An adder skeleton (D:4)
  2 worms (D:4)
  2 dart slugs
  40 orcs
  19 ball pythons
  5 bats
  20 endoplasms
  12 giant cockroaches
  6 hobgoblins
  9 jackals
  14 kobolds
  14 quokkas
  10 frilled lizards (Sewer)
  4 goblins
  8 rats
292 creatures vanquished.

Vanquished Creatures (others)
  A hound (D:7)
  A gnoll (D:7)
  23 fungi (D:10)
  32 plants (D:10)
57 creatures vanquished.

Grand Total: 349 creatures vanquished

Notes
Turn   | Place    | Note
-------+----------+-------------------------------------------
     0 | D:1      | duskshroud the Troll Hunter began the quest for the Orb.
     0 | D:1      | Reached XP level 1. HP: 19/19 MP: 0/0
    77 | D:1      | Reached skill level 1 in Unarmed Combat
    88 | D:1      | Reached XP level 2. HP: 26/27 MP: 1/1
   268 | D:1      | Reached skill level 2 in Unarmed Combat
   306 | D:1      | Found a faded altar of an unknown god.
   511 | D:2      | Reached XP level 3. HP: 27/33 MP: 2/2
   530 | D:2      | Noticed Sigmund
   536 | D:2      | Killed Sigmund
   537 | D:2      | Reached skill level 4 in Unarmed Combat
   537 | D:2      | Reached XP level 4. HP: 17/41 MP: 3/3
   537 | D:2      | Reached XP level 5. HP: 20/48 MP: 4/4
   571 | D:2      | You fall into a shaft and drop 1 floor!
   687 | D:3      | Noticed a phantom
   693 | D:3      | Killed a phantom
   694 | D:3      | Reached XP level 6. HP: 55/55 MP: 5/5
   861 | D:3      | Found a glowing drain.
   886 | Sewer    | Entered a sewer
   969 | Sewer    | Reached skill level 5 in Unarmed Combat
  1135 | Sewer    | Reached skill level 5 in Throwing
  1517 | D:2      | Reached XP level 7. HP: 62/62 MP: 6/6
  2398 | D:4      | Reached skill level 6 in Unarmed Combat
  2511 | D:4      | Found a transporter.
  2514 | D:4      | Noticed DocClef's ghost (weakling GnDe)
  2517 | D:4      | Found a transporter.
  2714 | D:4      | Found a staircase to the Ecumenical Temple.
  2742 | Temple   | Entered the Ecumenical Temple
  2785 | Temple   | Became a worshipper of Dithmenos the Shadowed
  3054 | D:5      | Entered Level 5 of the Dungeon
  3063 | D:4      | Reached skill level 7 in Unarmed Combat
  3154 | D:5      | Reached XP level 8. HP: 70/70 MP: 7/7
  3315 | D:5      | Reached skill level 8 in Unarmed Combat
  3329 | D:5      | Reached * piety under Dithmenos
  3539 | D:5      | You fall into a shaft and drop 2 floors!
  3652 | D:5      | Found a bloodstained altar of Trog.
  3966 | D:6      | Reached skill level 9 in Unarmed Combat
  4103 | D:6      | Noticed Blork the orc
  4105 | D:6      | Killed Blork the orc
  4121 | D:6      | Reached XP level 9. HP: 76/76 MP: 8/8
  4236 | D:6      | Noticed Grinder
  4249 | D:6      | Killed Grinder
  4256 | D:6      | Reached skill level 10 in Unarmed Combat
  4479 | D:7      | Reached ** piety under Dithmenos
  5586 | D:7      | Reached skill level 1 in Stealth
  5767 | D:8      | Reached skill level 11 in Unarmed Combat
  6018 | D:8      | Noticed a deep elf pyromancer
  6021 | D:8      | Reached XP level 10. HP: 85/85 MP: 9/9
  6024 | D:8      | Killed a deep elf pyromancer
  6346 | D:9      | Noticed Maurice
  6347 | D:9      | Paralysed by Maurice for 2 turns
  6363 | D:9      | Killed Maurice
  6441 | D:9      | Reached *** piety under Dithmenos
  6630 | D:9      | Reached skill level 5 in Stealth
  6697 | D:9      | Found a staircase to the Orcish Mines.
  7059 | D:10     | Entered Level 10 of the Dungeon
  7210 | D:10     | Reached **** piety under Dithmenos
  7293 | D:10     | Reached skill level 10 in Throwing
  7427 | D:10     | Reached skill level 1 in Shields
  7678 | D:10     | Found a staircase to the Lair.
  7723 | D:10     | Reached skill level 1 in Armour
  7801 | D:10     | Reached XP level 11. HP: 92/92 MP: 10/10
  7927 | D:10     | Noticed Snorg
  8129 | D:9      | Killed Snorg
  8251 | D:10     | Noticed Joseph
  8252 | D:10     | Noticed Urug
  8283 | D:10     | Killed Urug
  8418 | D:10     | Killed Joseph
  8845 | D:11     | Noticed a white ugly thing
  8847 | D:11     | Paralysed by a hornet for 1 turns
  8872 | D:10     | HP: 4/92 [white ugly thing (27)]
  8874 | D:10     | Mangled by a white ugly thing

Illustrated notes

Levels and vault maps discovered:
D:1:      wander_arrival_peaceful_grave, layout_rooms,
          dreamdust_ecumenical_altar_angels_and_demons, minmay_tiny_reverse_x
D:2:      layout_loops_ring, uniq_sigmund
D:3:      layout_basic, portal_sewer_entry_b
D:4:      layout_gridville, minmay_temple_entry_mist, gammafunk_ghost_arena
D:5:      layout_loops_ring, trog_butcher_becter
D:6:      layout_loops_cross, uniq_blork_the_orc, uniq_grinder
D:7:      layout_rooms, enter_bailey_8, lemuel_flame_loot_1
D:8:      layout_cave_pools, minivault_27
D:9:      layout_rooms, hiddenorc1_lemuel, kennysheep_generic_room_2,
          uniq_maurice
D:10:     layout_layer_cave, due_lair_maze_entry_diamond, uniq_snorg, uniq_urug,
          uniq_joseph
D:11:     layout_loops_ring, minmay_orc_keep
Temple:   dpeg_three_leaves_temple

Skill      XL: |  1  2  3  4  5  6  7  8  9 10 11 |
---------------+----------------------------------+-----
Unarmed Combat | 1 2 4 5 7 9 11 | 11.0
Throwing       | 4 5 6 7 8 10 | 10.0
Stealth        | 3 6 |  6.8
Shields        | 2 3 |  3.6
Dodging        | 2 3 |  3.1
Armour         | 1 2 |  2.4
Fighting       | |  1.5

Action                   |  1- 3 |  4- 6 |  7- 9 | 10-12 || total
-------------------------+-------+-------+-------+-------++-------
Melee: Unarmed           |    83 |   157 |   376 |   215 ||   831
       Punch             |       |     5 |     9 |    19 ||    33
Throw: Large rock        |       |     2 |    11 |    13 ||    26
       Dart              |       |       |     3 |    62 ||    65
       Throwing net      |       |       |       |     1 ||     1
Invok: Shadow Step       |       |       |     2 |       ||     2
Evoke: Wand              |       |       |       |     3 ||     3
  Use: Scroll            |       |       |     7 |     3 ||    10
       Potion            |       |       |     4 |     3 ||     7
 Stab: Sleeping          |     2 |       |     6 |       ||     8
       Distracted        |       |       |     1 |       ||     1
       Invisible         |       |       |       |     1 ||     1
Armor: Robe              |    26 |    32 |    96 |       ||   154
       Acid dragon scale |       |       |       |   119 ||   119
       Steam dragon scal |       |       |       |     6 ||     6
Dodge: Dodged            |    45 |    75 |   225 |   127 ||   472

Table legend: (Time is in decaauts)
 A = Elapsed time spent in this place.
 B = Non-inter-level travel time spent in this place.
 C = Inter-level travel time spent in this place.
 D = Time resting spent in this place.
 E = Time spent auto-exploring this place.
 F = Levels seen in this place.
 G = Mean time per level.
                   A        B        C        D        E       F      G
               +--------+--------+--------+--------+--------+-----+--------+
         Total |   8858 |   8416 |    442 |    554 |   4601 |  13 |  681.4 |
       Dungeon |   8181 |   7739 |    442 |    529 |   4433 |  11 |  743.7 |
        Temple |     53 |     53 |      0 |      0 |      0 |   1 |   53.0 |
         Sewer |    623 |    623 |      0 |     25 |    167 |   1 |  623.0 |
               +--------+--------+--------+--------+--------+-----+--------+

Top non-repeatable levels by time:
    D:10: 1569 daAuts
     D:6: 959 daAuts
     D:7: 918 daAuts
     D:9: 785 daAuts
     D:2: 772 daAuts
     D:5: 728 daAuts
     D:4: 654 daAuts
     D:8: 652 daAuts
     D:3: 627 daAuts
   Sewer: 623 daAuts
     D:1: 460 daAuts
  Temple: 53 daAuts
    D:11: 52 daAuts
